 Dungeon Crawl Stone Soup version 0.27-a0-1312-g5cdb2b3542 (webtiles) character file.

Game seed: 13889636980103423036

44 Nolbo the Magician (level 3, -3/25 HPs)
             Began as a Gnoll Hedge Wizard on June 19, 2021.
             Slain by a killer bee zombie (5 damage)
             ... on level 3 of the Dungeon.
             The game lasted 00:04:44 (2537 turns).

Nolbo the Magician (Gnoll Hedge Wizard)             Turns: 2537, Time: 00:04:45

Health: -3/25      AC:  2    Str:  7    XL:     3   Next: 62%
Magic:  0/11       EV: 13    Int: 14    God:
Gold:   61         SH:  0    Dex: 11    Spells: 7/16 levels left

rFire    + . .     SeeInvis .   j - +4 dagger
rCold    + . .     Faith    .   (no shield)
rNeg     . . .     Spirit   .   b - +0 robe
rPois    +         Reflect  .   c - +0 hat
rElec    +         Harm     .   (no cloak)
rCorr    +         Rampage  .   (no gloves)
Will     .....                  (no boots)
Stlth    ++........             (no amulet)
HPRegen  0.08/turn              (no ring)
MPRegen  0.12/turn              (no ring)

@: resistant
A: fangs 1, strong nose, distributed training, weak 1
a: no special abilities


You were on level 3 of the Dungeon.
You visited 1 branch of the dungeon, and saw 3 of its levels.

You collected 61 gold pieces.

Inventory:

Hand Weapons
 j - a +4 dagger (weapon)
Armour
 b - a +0 robe (worn)
 c - a +0 hat (worn)
Jewellery
 k - an amulet of guardian spirit
Scrolls
 a - a scroll of immolation {unknown}
 d - 3 scrolls of identify {unknown}
 e - a scroll of amnesia {unknown}
 g - a scroll of holy word {unknown}
 h - a scroll of vulnerability {unknown}
 i - a scroll of enchant weapon {unknown}
 l - a scroll of blinking {unknown}
Potions
 f - a potion of resistance


   Skills:
 + Level 0.9 Fighting
 + Level 0.9 Short Blades
 + Level 0.9 Long Blades
 + Level 0.9 Axes
 + Level 0.9 Maces & Flails
 + Level 0.9 Polearms
 + Level 0.9 Staves
 + Level 0.9 Slings
 + Level 0.9 Bows
 + Level 0.9 Crossbows
 + Level 0.9 Throwing
 + Level 0.9 Armour
 + Level 4.5 Dodging
 + Level 4.2 Stealth
 + Level 0.9 Shields
 + Level 0.9 Unarmed Combat
 + Level 7.1 Spellcasting
 + Level 2.1 Conjurations
 + Level 0.6 Hexes
 + Level 2.1 Summonings
 + Level 0.6 Necromancy
 + Level 2.1 Translocations
 + Level 0.6 Transmutations
 + Level 0.6 Fire Magic
 + Level 0.6 Ice Magic
 + Level 0.6 Air Magic
 + Level 0.6 Earth Magic
 + Level 0.6 Poison Magic
 + Level 1.0 Invocations
 + Level 0.9 Evocations


You had 7 spell levels left.
You knew the following spells:

 Your Spells              Type           Power      Damage    Failure   Level
a - Magic Dart            Conj           44%        1d5       6%          1
b - Call Imp              Summ           11%        N/A       9%          2
c - Mephitic Cloud        Conj/Pois/Air  8%         N/A       26%         3
d - Conjure Flame         Conj/Fire      8%         6-21      24%         3

Your spell library contained the following spells:

 Spells                   Type           Power      Damage    Failure   Level
 Blink                    Tloc           N/A        N/A       9%          2
 Slow                     Hex            6%         N/A       16%         2
 Gell's Gravitas          Tloc           5%         N/A       17%         3
 Confusing Touch          Hex            6%         N/A       32%         3
 Petrify                  Tmut/Erth      6%         N/A       71%         4
 Metabolic Englaciation   Hex/Ice        3%         N/A       96%         5
 Yara's Violent Unravell  Hex/Tmut       3%         3d4       96%         5


Dungeon Overview and Level Annotations

Branches:
Dungeon (3/15)

Altars:

Annotations:
D:2 Sigmund


Innate Abilities, Weirdness & Mutations

You have very sharp teeth.
Your uncanny sense of smell can sniff out nearby items.
Your experience applies equally to all skills.
You are weak. (Str -2)


Message History

The killer bee zombie hits you but does no damage.
The killer bee zombie barely misses you.
You aren't carrying any items that you can evoke.
Casting: Magic Dart (safe; 6% risk of failure)
Confirm with . or Enter, or press ? or * to list all spells.
Aiming: Magic Dart (safe; 6% risk of failure)
Press: ? - help, Shift-Dir - straight line, f/p - killer bee zombie
Aim: a killer bee zombie (heavily damaged, 100% to hit)
The magic dart hits the killer bee zombie.
The killer bee zombie is severely damaged.
The killer bee zombie completely misses you.
Unknown command.
Casting: Magic Dart (safe; 6% risk of failure)
Confirm with . or Enter, or press ? or * to list all spells.
Aiming: Magic Dart (safe; 6% risk of failure)
Press: ? - help, Shift-Dir - straight line, f/p - killer bee zombie
Aim: a killer bee zombie (severely damaged, 100% to hit)
The magic dart hits the killer bee zombie.
The killer bee zombie is severely damaged.
The killer bee zombie barely misses you.
The killer bee zombie closely misses you.
Casting: Magic Dart (safe; 6% risk of failure)
Confirm with . or Enter, or press ? or * to list all spells.
Aiming: Magic Dart (safe; 6% risk of failure)
Press: ? - help, Shift-Dir - straight line, f/p - killer bee zombie
Aim: a killer bee zombie (severely damaged, 100% to hit)
The magic dart hits the killer bee zombie.
The killer bee zombie is almost destroyed.
The killer bee zombie hits you.
* * * LOW HITPOINT WARNING * * *
The killer bee zombie barely misses you.
Casting: Magic Dart (safe; 6% risk of failure)
Confirm with . or Enter, or press ? or * to list all spells.
Aiming: Magic Dart (safe; 6% risk of failure)
Press: ? - help, Shift-Dir - straight line, f/p - killer bee zombie
Aim: a killer bee zombie (almost destroyed, 100% to hit)
The magic dart hits the killer bee zombie.
The killer bee zombie is almost destroyed.
The killer bee zombie hits you.
You die...

######
#.)@.#
#.##Z#
#<...#
#.#(.#
#.#..#
#.# .#
#Z# .#
#.# .#
#.#


You could see a killer bee zombie.

Vanquished Creatures
  An adder (D:2)
  3 worms (D:2)
  4 bats
  A giant cockroach (D:1)
  2 goblins
  A hobgoblin (D:2)
  3 jackals (D:2)
  5 kobolds
  A quokka (D:2)
  3 ball pythons
  2 frilled lizards
26 creatures vanquished.

Notes
Turn   | Place    | Note
-------+----------+-------------------------------------------
     0 | D:1      | Nolbo the Gnoll Hedge Wizard began the quest for the Orb.
     0 | D:1      | Reached XP level 1. HP: 13/13 MP: 8/8
    30 | D:1      | Found a faded altar of an unknown god.
   410 | D:1      | Reached XP level 2. HP: 19/19 MP: 7/10
  1217 | D:2      | HP: 1/20 [worm (9)]
  1695 | D:2      | Reached XP level 3. HP: 25/25 MP: 6/11
  2055 | D:2      | Learned a level 2 spell: Call Imp
  2059 | D:2      | Learned a level 3 spell: Mephitic Cloud
  2063 | D:2      | Learned a level 3 spell: Conjure Flame
  2199 | D:2      | Reached skill level 1 in Invocations
  2499 | D:2      | Noticed Sigmund
  2532 | D:3      | Gained mutation: You are weak. (Str -2) [potion of
                  | mutation]
  2537 | D:3      | Slain by a killer bee zombie

Illustrated notes

Levels and vault maps discovered:
D:1:      minmay_arrival_radiant_lines, layout_loops_ring,
          ebering_ecumenical_altar_webs, minmay_strange_pillars
D:2:      layout_loops_ring, uniq_sigmund
D:3:      minmay_wonky_spiral, layout_basic, uniq_robin

Skill      XL: |  1  2  3 |
---------------+----------+-----
Conjurations   | 2 |  2.1
Summonings     | 2 |  2.1
Translocations | 2 |  2.1
Invocations    | 1 |  1.0
Fighting       | |  0.9
Short Blades   | |  0.9
Long Blades    | |  0.9
Axes           | |  0.9
Maces & Flails | |  0.9
Polearms       | |  0.9
Staves         | |  0.9
Slings         | |  0.9
Bows           | |  0.9
Crossbows      | |  0.9
Throwing       | |  0.9
Armour         | |  0.9
Dodging        | |  4.5
Stealth        | |  4.2
Shields        | |  0.9
Unarmed Combat | |  0.9
Spellcasting   | |  7.1
Hexes          | |  0.6
Necromancy     | |  0.6
Transmutations | |  0.6
Fire Magic     | |  0.6
Ice Magic      | |  0.6
Air Magic      | |  0.6
Earth Magic    | |  0.6
Poison Magic   | |  0.6
Evocations     | |  0.9

Action                   || total
-------------------------++-------
Melee: Dagger            ||    62
       Bite              ||     3
 Cast: Magic Dart        ||    74
       Conjure Flame     ||     2
  Use: Potion            ||     2
 Stab: Sleeping          ||     1
Armor: Robe              ||    24
Dodge: Dodged            ||    73

Table legend: (Time is in decaauts)
 A = Elapsed time spent in this place.
 B = Non-inter-level travel time spent in this place.
 C = Inter-level travel time spent in this place.
 D = Time resting spent in this place.
 E = Time spent auto-exploring this place.
 F = Levels seen in this place.
 G = Mean time per level.
                   A        B        C        D        E       F      G
               +--------+--------+--------+--------+--------+-----+--------+
         Total |   2535 |   2497 |     38 |   1046 |   1104 |   3 |  845.0 |
       Dungeon |   2535 |   2497 |     38 |   1046 |   1104 |   3 |  845.0 |
               +--------+--------+--------+--------+--------+-----+--------+

Top non-repeatable levels by time:
     D:2: 1371 daAuts
     D:1: 1148 daAuts
     D:3: 16 daAuts
